 Dungeon Crawl Stone Soup version 0.21.1-1-g345015fe64 (webtiles) character file.

1301 Hercules1031 the Fighter (level 8, -4/106 HPs)
             Began as a Gnoll Wanderer on June 12, 2018.
             Slain by an orc warrior
             ... wielding a +0 glaive
              (7 damage)
             ... on level 6 of the Dungeon.
             The game lasted 00:27:46 (4586 turns).

Hercules1031 the Fighter (Gnoll Wanderer)           Turns: 4586, Time: 00:27:46

Health: -4/106     AC: 24    Str: 17    XL:     8   Next: 57%
Magic:  0/13       EV:  2    Int: 14    God:
Gold:   205        SH:  0    Dex: 15    Spells: 6/13 levels left

rFire    . . .     SeeInvis .   a - +2 quarterstaff
rCold    . . .     Gourm    .   (shield currently unavailable)
rNeg     + + +     Faith    .   (armour currently unavailable)
rPois    +         Spirit   +   (helmet currently unavailable)
rElec    .         Reflect  .   (cloak currently unavailable)
rCorr    .         Harm     .   (gloves currently unavailable)
MR       +....     NoTele   +   (boots currently unavailable)
Stlth    +++.......             h - amulet of guardian spirit
HPRegen  0.27/turn              f - ring of protection from magic (curse)
MPRegen  0.13/turn              n - ring of wizardry

@: tree-form, studying Stealth
A: distributed training, strong nose
a: no special abilities


You were on level 6 of the Dungeon.
You were very full.
You were a tree.
You visited 1 branch of the dungeon, and saw 6 of its levels.

You collected 205 gold pieces.

Inventory:

Hand Weapons
 a - a +2 quarterstaff (weapon)
 d - a +0 dagger
Missiles
 c - 7 tomahawks (quivered)
Armour
 g - a +0 ring mail
 j - a +0 chain mail
 q - the +2 robe "Fataawke" (melded) {Regen+ Int+3 Dex-5}
   (You found it on level 5 of the Dungeon)

   It affects your intelligence (+3).
   It affects your dexterity (-5).
   It increases your rate of regeneration.
Jewellery
 f - a cursed ring of protection from magic (left branch)
 h - an amulet of guardian spirit (around neck)
 n - a ring of wizardry (right branch)
Scrolls
 e - 4 scrolls of teleportation
 k - a scroll of remove curse
 l - 3 scrolls of identify
Potions
 i - a potion of magic
Books
 m - a manual of Stealth
 o - a book of Debilitation

   Spells                             Type                      Level
   a - Corona                         Hexes                        1
   b - Slow                           Hexes                        2
   c - Inner Flame                    Hexes/Fire                   3
   d - Portal Projectile              Hexes/Translocation          3
   e - Cause Fear                     Hexes                        4
   f - Leda's Liquefaction            Hexes/Earth                  4
Comestibles
 p - 2 rations


   Skills:
 + Level 9.2 Fighting
 + Level 3.3 Short Blades
 + Level 3.3 Long Blades
 + Level 3.3 Axes
 + Level 3.3 Maces & Flails
 + Level 3.3 Polearms
 + Level 4.2 Staves
 + Level 3.3 Slings
 + Level 3.3 Bows
 + Level 3.3 Crossbows
 + Level 3.3 Throwing
 + Level 4.2 Armour
 + Level 3.3 Dodging
 + Level 5.6 Stealth
 + Level 3.3 Shields
 + Level 3.3 Unarmed Combat
 + Level 3.3 Spellcasting
 + Level 2.7 Conjurations
 + Level 2.7 Hexes
 + Level 2.7 Charms
 + Level 2.7 Summonings
 + Level 2.7 Necromancy
 + Level 2.7 Translocations
 + Level 2.7 Transmutations
 + Level 2.7 Fire Magic
 + Level 2.7 Ice Magic
 + Level 2.7 Air Magic
 + Level 2.7 Earth Magic
 + Level 2.7 Poison Magic
 + Level 3.6 Invocations
 + Level 5.7 Evocations


You had 6 spell levels left.
You knew the following spells:

 Your Spells              Type           Power        Failure   Level  Hunger
a - Corona                Hex            #......      2%          1    #......
b - Slow                  Hex            #.......     4%          2    ##.....
c - Cause Fear            Hex            #.........   26%         4    #####..


Dungeon Overview and Level Annotations

Branches:
Dungeon (6/15)
 Temple: D:4-7

Altars:


Innate Abilities, Weirdness & Mutations

Your experience applies equally to all skills.
((You have very sharp teeth.))
Your uncanny sense of smell can sniff out nearby items.


Message History

* * * LOW HITPOINT WARNING * * *
The orc warrior hits you but does no damage.
The orc warrior hits you from afar with a glaive!
* * * LOW HITPOINT WARNING * * *
Magic courses through your body.
The orc warrior hits you but does no damage.
You don't have any unidentified items.
You cannot teleport because you are held in place by your roots.
You cannot move.
You cannot move.
You cannot move.
The orc warrior barely misses you.
The orc warrior hits you from afar with a glaive.
* * * LOW HITPOINT WARNING * * *
That item cannot be evoked!
The orc warrior hits you from afar with a glaive!
* * * LOW HITPOINT WARNING * * *
The orc warrior hits you but does no damage.
The orc warrior hits you from afar with a glaive!
You die...

....###...#
..........###
#.##.<....#
........#.#.#
###+##....#.#
......#...#
...####.###
.... ###.##
#.# #♣)..# ..
#)####
.......o#
........#
.......##
.......
.......
.......
.......


You could see an orc warrior.

Vanquished Creatures
  The ghost of Naru the Caller, a novice MfSu (D:5)
  Sigmund (D:3)
  2 sky beasts (D:5)
  An ogre (D:4)
  A necrophage (D:6)
  Blork the orc (D:5)
  A howler monkey (D:4)
  2 hounds (D:4)
  3 orc priests
  A jelly (D:5)
  An iguana (D:5)
  A worker ant (D:4)
  A hound skeleton (D:5)
  A gnoll (D:5)
  9 adders
  2 oozes
  2 adder skeletons (D:4)
  An adder zombie (D:5)
  2 worms
  A dart slug (D:4)
  A leopard gecko (D:2)
  8 orcs
  5 bats
  3 giant cockroaches
  A goblin (D:1)
  5 hobgoblins
  3 jackals (D:1)
  2 quokkas (D:2)
  A ball python (D:4)
  6 frilled lizards
  7 kobolds
  A leopard gecko skeleton (D:4)
  A leopard gecko zombie (D:5)
  5 rats
84 creatures vanquished.

Notes
Turn   | Place    | Note
-------+----------+-------------------------------------------
     0 | D:1      | Hercules1031 the Gnoll Wanderer began the quest for the Orb.
     0 | D:1      | Hercules1031 set off with: a +2 quarterstaff, 2 potions of lignification, a +0 robe, a +0 dagger, a ration
     0 | D:1      | Reached XP level 1. HP: 26/26 MP: 3/3
   420 | D:1      | Reached XP level 2. HP: 30/33 MP: 5/5
   712 | D:2      | Reached XP level 3. HP: 22/38 MP: 6/6
  1076 | D:2      | Reached skill level 1 in Invocations
  1417 | D:2      | Reached skill level 1 in Short Blades
  1417 | D:2      | Reached skill level 1 in Long Blades
  1417 | D:2      | Reached skill level 1 in Axes
  1417 | D:2      | Reached skill level 1 in Maces & Flails
  1417 | D:2      | Reached skill level 1 in Polearms
  1417 | D:2      | Reached skill level 1 in Slings
  1417 | D:2      | Reached skill level 1 in Bows
  1417 | D:2      | Reached skill level 1 in Crossbows
  1417 | D:2      | Reached skill level 1 in Throwing
  1417 | D:2      | Reached skill level 1 in Dodging
  1417 | D:2      | Reached skill level 1 in Shields
  1417 | D:2      | Reached skill level 1 in Unarmed Combat
  1417 | D:2      | Reached skill level 1 in Spellcasting
  1417 | D:2      | Reached XP level 4. HP: 45/45 MP: 7/7
  1753 | D:3      | Reached skill level 1 in Conjurations
  1753 | D:3      | Reached skill level 1 in Hexes
  1753 | D:3      | Reached skill level 1 in Charms
  1753 | D:3      | Reached skill level 1 in Summonings
  1753 | D:3      | Reached skill level 1 in Necromancy
  1753 | D:3      | Reached skill level 1 in Translocations
  1753 | D:3      | Reached skill level 1 in Transmutations
  1753 | D:3      | Reached skill level 1 in Fire Magic
  1753 | D:3      | Reached skill level 1 in Ice Magic
  1753 | D:3      | Reached skill level 1 in Air Magic
  1753 | D:3      | Reached skill level 1 in Earth Magic
  1753 | D:3      | Reached skill level 1 in Poison Magic
  2108 | D:3      | Reached XP level 5. HP: 49/51 MP: 6/8
  2209 | D:3      | Noticed Sigmund
  2264 | D:3      | Killed Sigmund
  2264 | D:3      | Reached XP level 6. HP: 37/57 MP: 6/9
  2700 | D:4      | Reached skill level 5 in Evocations
  2794 | D:4      | Reached XP level 7. HP: 34/63 MP: 6/10
  3408 | D:5      | Entered Level 5 of the Dungeon
  3420 | D:5      | Noticed Blork the orc
  3432 | D:5      | Killed Blork the orc
  3626 | D:5      | Noticed Naru's ghost (novice MfSu)
  3667 | D:5      | Killed Naru's ghost
  3667 | D:5      | Reached skill level 9 in Fighting
  3667 | D:5      | Reached skill level 5 in Stealth
  3667 | D:5      | Reached XP level 8. HP: 41/71 MP: 5/12
  3944 | D:5      | Learned a level 1 spell: Corona
  3947 | D:5      | Learned a level 2 spell: Slow
  4147 | D:5      | Got an opalescent robe
  4148 | D:5      | Identified the +2 robe "Fataawke" {Regen+ Int+3 Dex-5} (You found it on level 5 of the Dungeon)
  4164 | D:5      | Learned a level 4 spell: Cause Fear
  4578 | D:6      | HP: 3/106 [orc warrior/glaive (8)]
  4583 | D:6      | HP: 2/106 [orc warrior/glaive (1)]
  4586 | D:6      | Slain by an orc warrior

Skill      XL: |  1  2  3  4  5  6  7  8 |
---------------+-------------------------+-----
Invocations    | 1 2 3 |  3.6
Short Blades   | 1 2 3 |  3.3
Long Blades    | 1 2 3 |  3.3
Axes           | 1 2 3 |  3.3
Maces & Flails | 1 2 3 |  3.3
Polearms       | 1 2 3 |  3.3
Slings         | 1 2 3 |  3.3
Bows           | 1 2 3 |  3.3
Crossbows      | 1 2 3 |  3.3
Throwing       | 1 2 3 |  3.3
Dodging        | 1 2 3 |  3.3
Shields        | 1 2 3 |  3.3
Unarmed Combat | 1 2 3 |  3.3
Spellcasting   | 1 2 3 |  3.3
Conjurations   | 1 2 |  2.7
Hexes          | 1 2 |  2.7
Charms         | 1 2 |  2.7
Summonings     | 1 2 |  2.7
Necromancy     | 1 2 |  2.7
Translocations | 1 2 |  2.7
Transmutations | 1 2 |  2.7
Fire Magic     | 1 2 |  2.7
Ice Magic      | 1 2 |  2.7
Air Magic      | 1 2 |  2.7
Earth Magic    | 1 2 |  2.7
Poison Magic   | 1 2 |  2.7
Staves         | 3 4 |  4.2
Armour         | 3 4 |  4.2
Evocations     | 5 |  5.7
Fighting       | 9 |  9.2
Stealth        | 5 |  5.6

Action                   |  1- 3 |  4- 6 |  7- 9 || total
-------------------------+-------+-------+-------++-------
Melee: Quarterstaff      |    72 |    85 |   129 ||   286
       Bite              |     7 |     5 |    20 ||    32
 Cast: Corona            |       |       |     3 ||     3
  Use: Scroll            |     6 |     3 |     2 ||    11
       Potion            |       |     4 |     4 ||     8
 Stab: Sleeping          |     3 |     3 |       ||     6
  Eat: Ration            |     2 |     1 |     3 ||     6
Armor: Robe              |     1 |       |     5 ||     6
       Leather armour    |    28 |       |       ||    28
       Ring mail         |    12 |    14 |       ||    26
       Chain mail        |       |    29 |    48 ||    77
       Skin              |       |    20 |    52 ||    72
Dodge: Dodged            |    68 |    35 |    63 ||   166
